 Dungeon Crawl Stone Soup version 0.29-a0-91-gdebf4667c2 (webtiles) character file.

Game seed: 12768356164416872100

30 Hubjo the Sneak (level 3, 0/26 HPs)
             Began as a Vampire Enchanter on Feb 7, 2022.
             Was a High Priest of Ignis.
             Slain by a gnoll (5 damage)
             ... on level 3 of the Dungeon.
             The game lasted 00:05:09 (1377 turns).

Hubjo the Sneak (Vampire Enchanter)                 Turns: 1377, Time: 00:05:09

Health: 0/26       AC:  3    Str:  7    XL:     3   Next: 3%
Magic:  6/6        EV: 12    Int: 17    God:    Ignis [*****.]
Gold:   58         SH:  0    Dex: 16    Spells: 6/6 levels left

rFire   + . .      SeeInvis +   h - +2 dagger (speed)
rCold   . . .      Faith    .   (no shield)
rNeg    . . .      Spirit   .   b - +0 robe
rPois   .          Reflect  .   (no helmet)
rElec   .          Harm     .   (no cloak)
rCorr   .          Rampage  .   e - +0 pair of gloves
Will    .....                   (no boots)
Stlth   +++.......              (no amulet)
HPRegen 0.28/turn               (no ring)
MPRegen 0.10/turn               (no ring)

@: about to teleport, healing quickly
A: alive, fangs 3, see invisible, vampiric 2
a: Exsanguinate, Renounce Religion, Fiery Armour, Foxfire Swarm, Rising Flame


You were on level 3 of the Dungeon.
You worshipped Ignis.
Ignis was extremely pleased with you.
You visited 1 branch of the dungeon, and saw 3 of its levels.

You collected 142 gold pieces.
You spent 84 gold pieces at shops.

Inventory:

Hand Weapons
 a - a +1 dagger
 h - a +2 dagger of speed (weapon)
Armour
 b - a +0 robe (worn)
 e - a +0 pair of gloves (worn)
Potions
 c - a potion of invisibility
 d - a potion of curing
 f - a potion of attraction
 g - a potion of haste


   Skills:
 * Level 1.1 Fighting
 + Level 1.4 Short Blades
 + Level 2.4 Dodging
 * Level 5.1 Stealth
 - Level 2.0 Spellcasting
 + Level 4.7 Hexes


You had 6 spell levels left.
You didn't know any spells.
Your spell library contained the following spells:

 Spells                   Type           Power      Damage    Failure   Level
 Confusing Touch          Hex            17%        N/A       9%          3
 Tukima's Dance           Hex            17%        N/A       9%          3
 Ensorcelled Hibernation  Hex/Ice        18%        N/A       11%         2
 Dazzling Flash           Conj/Hex       18%        N/A       22%         3
 Gell's Gravitas          Tloc           1%         N/A       50%         3
 Lesser Beckoning         Tloc           1%         N/A       50%         3
 Teleport Other           Tloc           1%         N/A       50%         3


Dungeon Overview and Level Annotations

Branches:
Dungeon (3/15)

Altars:
Ignis

Shops:
D:2 ?


Innate Abilities, Weirdness & Mutations

Your natural rate of healing is accelerated.
You have razor-sharp teeth.
You have supernaturally acute eyesight. (SInv)
You are afflicted with vampirism and can become a bat while bloodless.


Message History

The jackal barks!
You hit the gnoll. You bite the gnoll.
The gnoll is moderately wounded.
You barely miss the gnoll.
The gnoll is moderately wounded.
The gnoll hits you with a +0 club.
You hit the gnoll.
The gnoll is heavily wounded.
The gnoll hits you with a +0 club.
You hit the gnoll.
The gnoll is severely wounded.
You hit the gnoll. Your bite misses the gnoll.
The gnoll is severely wounded.
You hit the gnoll.
The gnoll is moderately wounded.
You closely miss the gnoll. Your bite misses the gnoll.
The gnoll is moderately wounded.
The gnoll hits you from afar with a +0 spear.
You hit the gnoll. You bite the gnoll.
The gnoll is heavily wounded.
The gnoll closely misses you. The gnoll hits you with a +0 whip!
* * * LOW HITPOINT WARNING * * *
You are too injured to fight recklessly!
You are too injured to fight recklessly!
You feel better.
The gnoll hits you from afar with a +0 spear.
The gnoll misses you.
You are too injured to fight recklessly!
You are too injured to fight recklessly!
You are too injured to fight recklessly!
You are too injured to fight recklessly!
You are too injured to fight recklessly!
You are too injured to fight recklessly!
You are too injured to fight recklessly!
As you read the scroll of teleportation, it crumbles to dust.
You feel strangely unstable.
The gnoll hits you from afar with a +0 spear.
* * * LOW HITPOINT WARNING * * *
The gnoll hits you with a +0 whip.
You die...

..#. #.#. ... #.. #..
######.#################
......................<.
#####.>################
##@# #g#


ghg ##g## #.# #.# #.# ..# You could see 4 gnolls and a jackal.

Vanquished Creatures
  2 dart slugs (D:2)
  4 bats
  An endoplasm (D:2)
  2 goblins (D:2)
  4 hobgoblins
  A quokka (D:1)
  3 ball pythons (D:1)
  A frilled lizard (D:1)
  6 kobolds
  2 rats (D:1)
26 creatures vanquished.

Notes
Turn   | Place    | Note
-------+----------+-------------------------------------------
     0 | D:1      | Hubjo the Vampire Enchanter began the quest for the Orb.
     0 | D:1      | Reached XP level 1. HP: 13/13 MP: 3/3
   220 | D:1      | Reached XP level 2. HP: 20/20 MP: 5/5
   746 | D:1      | Found a faded altar of an unknown god.
   749 | D:1      | Prayed at the altar of an unknown god.
   749 | D:1      | Became a worshipper of Ignis, the Dying Flame
   809 | D:2      | Reached skill level 5 in Stealth
   936 | D:2      | Reached skill level 1 in Fighting
  1105 | D:2      | Found Nystute's Magic Scroll Boutique.
  1125 | D:2      | Bought a scroll of teleportation for 36 gold pieces
  1125 | D:2      | Bought 2 scrolls of identify for 48 gold pieces
  1166 | D:2      | Gained mutation: You are afflicted with vampirism and can
                  | become a bat while bloodless. [Vampire growth]
  1166 | D:2      | Reached XP level 3. HP: 26/26 MP: 6/6
  1377 | D:3      | Slain by a gnoll

Illustrated notes

Levels and vault maps discovered:
D:1:      tarquinn_simple_flora_water_e, layout_loops_ring,
          hellmonk_ecumenical_altar_inner_sanctum
D:2:      layout_rooms, serial_shops, shop_coins, hangedman_feature_mirror
D:3:      layout_basic, uniq_grinder

Skill      XL: |  1  2 |
---------------+-------+-----
Stealth        | 5 |  5.1
Fighting       | 1 |  1.1
Short Blades   | |  1.4
Dodging        | |  2.4
Spellcasting   | |  2.0
Hexes          | |  4.7

Action                   || total
-------------------------++-------
Melee: Dagger            ||   101
       Bite              ||    12
       Punch             ||     1
  Use: Scroll            ||     4
       Potion            ||     3
 Stab: Sleeping          ||     5
Armor: Robe              ||    18
Dodge: Dodged            ||    54

Table legend: (Time is in decaauts)
 A = Elapsed time spent in this place.
 B = Non-inter-level travel time spent in this place.
 C = Inter-level travel time spent in this place.
 D = Time resting spent in this place.
 E = Time spent auto-exploring this place.
 F = Levels seen in this place.
 G = Mean time per level.
                   A        B        C        D        E       F      G
               +--------+--------+--------+--------+--------+-----+--------+
         Total |   1357 |   1266 |     91 |      0 |   1023 |   3 |  452.3 |
       Dungeon |   1357 |   1266 |     91 |      0 |   1023 |   3 |  452.3 |
               +--------+--------+--------+--------+--------+-----+--------+

Top non-repeatable levels by time:
     D:1: 764 daAuts
     D:2: 567 daAuts
     D:3: 24 daAuts
